Predators vs Devils
Created - May 10, 2019 at 20:36
Goals
|
| Predators |
2 |
0 |
1 |
3 |
| Devils |
4 |
1 |
1 |
6 |
|
Shots
|
| Predators |
8 |
8 |
7 |
23 |
| Devils |
12 |
9 |
13 |
34 |
|
1st period
1. Devils , Viktor Arvidsson 15 (Artemi Panarin 30, Gilbert Brule 42) at 1:50 (PP)
2. Devils , Artemi Panarin 28 (Viktor Arvidsson 33, Sidney Crosby 62) at 8:55
3. Devils , Artemi Panarin 29 (Sidney Crosby 63) at 13:19
4. Devils , Viktor Arvidsson 16 (Artemi Panarin 31, Sidney Crosby 64) at 15:12
5. Predators , Niclas Bergfors 35 (Alexander Edler 49, Ryan Mcdonagh 27) at 19:44
6. Predators , Alexander Ovechkin 30 (Ryan Mcdonagh 28) at 19:56
Penalties :
Niclas Bergfors (Nas) for Unsportsmanlike conduct (Minor) at 0:22, Brendan Gallagher (Nas) for Hooking (Minor) at 15:54
2nd period
7. Devils , Gilbert Brule 24 (Phil Kessel 44, Travis Hamonic 29) at 1:34
Penalties :
James Van Riemsdyk (Nas) for Hooking (Minor) at 9:06, James Van Riemsdyk (Nas) for Roughing (Double Minor) at 18:24
3rd period
8. Predators , Mikael Granlund 27 (Alexander Steen 15) at 5:35
9. Devils , Artemi Panarin 30 (Gilbert Brule 43) at 9:38 (PP)
Penalties :
Byron Bitz (Nas) for Tripping (Minor) at 9:25, Tyler Bozak (NJD) for Hooking (Minor) at 18:53
Goalie Stats
Anders Lindback (Nas), 20 saves from 22 shots - (0.909), 44:48 minutes
Viktor Fasth (Nas), 8 saves from 12 shots - (0.667), L, 42-23-4, 15:12 minutes
Malcolm Subban (NJD), 20 saves from 23 shots - (0.870), W, 1-5-1, 60:00 minutes
Players Stats for Predators
Player Name G A P +/- PIM S H SB GA TA FO MP PP MP PK MP
------------------------------------------------------------------------------------
Adam Burish 0 0 0 -2 0 1 1 0 0 1 0/0 10:15 0:18 3:12
Alexander Edler 0 1 1 0 0 0 1 2 1 1 0/0 24:26 0:33 5:41
Alexander Ovechkin 1 0 1 2 0 3 2 0 3 0 0/1 22:31 0:00 0:43
Alexander Steen 0 1 1 -1 0 0 1 0 1 1 0/1 9:11 0:40 0:09
Andy Miele 0 0 0 -1 0 3 2 0 1 0 3/7 12:06 0:00 3:12
Brendan Gallagher 0 0 0 -1 2 0 2 0 0 2 0/0 9:28 0:26 0:39
Byron Bitz 0 0 0 0 2 3 2 0 0 1 1/2 18:23 0:48 5:15
Dmitri Kalinin 0 0 0 0 0 2 0 2 0 0 0/0 17:07 0:00 0:33
James Van Riemsdyk 0 0 0 0 6 1 2 0 0 0 0/0 13:37 0:48 0:00
John Moore 0 0 0 -1 0 0 1 1 0 0 0/0 18:27 0:33 3:24
Justin Abdelkader 0 0 0 -2 0 0 0 0 0 0 0/0 6:31 0:18 0:00
Michal Rozsival 0 0 0 -1 0 0 1 0 0 0 0/0 20:32 0:00 3:57
Mikael Granlund 1 0 1 2 0 1 3 0 0 0 12/25 21:48 0:00 0:00
Niclas Bergfors 1 0 1 2 2 5 1 0 1 0 0/0 21:47 0:00 0:00
Ryan Kesler 0 0 0 0 0 2 1 0 0 0 9/18 17:55 0:00 5:34
Ryan Mcdonagh 0 2 2 0 0 1 1 0 0 1 0/0 24:26 0:33 5:41
Ryan Murray 0 0 0 0 0 1 1 1 0 1 0/0 15:02 0:33 0:00
Scott Laughton 0 0 0 -2 0 0 0 0 0 0 0/1 6:45 0:00 0:32
Players Stats for Devils
Player Name G A P +/- PIM S H SB GA TA FO MP PP MP PK MP
------------------------------------------------------------------------------------
Alexander Perezhogin 0 0 0 0 0 0 1 0 1 0 0/0 8:20 0:35 0:00
Anthony Stewart 0 0 0 -1 0 0 0 1 0 0 0/0 8:46 0:00 0:18
Artemi Panarin 3 2 5 1 0 5 3 0 1 0 1/1 25:46 4:36 0:00
Brandon Bollig 0 0 0 0 0 2 0 0 0 0 0/0 8:02 0:15 0:00
Darroll Powe 0 0 0 -1 0 0 0 0 0 0 2/5 8:41 0:13 0:00
Dmitry Kulikov 0 0 0 1 0 0 2 0 1 0 0/0 15:01 0:00 0:49
Gilbert Brule 1 2 3 1 0 3 0 1 0 0 8/18 17:30 4:58 0:48
Jaden Schwartz 0 0 0 1 0 0 2 1 0 0 0/0 16:34 4:25 0:18
Kellan Lain 0 0 0 -1 0 2 3 0 0 0 0/1 10:07 0:49 0:48
Phil Kessel 0 1 1 1 0 3 2 0 0 0 1/1 16:16 4:25 0:00
Ryan Whitney 0 0 0 -2 0 1 2 1 0 1 0/0 10:50 0:00 0:17
Sami Lepisto 0 0 0 -2 0 0 3 0 1 0 0/0 16:29 5:31 0:17
Sidney Crosby 0 3 3 1 0 2 3 1 2 0 15/24 25:20 4:03 0:00
Tobias Enstrom 0 0 0 1 0 2 2 0 0 1 0/0 20:44 4:07 0:49
Travis Hamonic 0 1 1 2 0 1 2 3 2 3 0/0 28:30 4:07 0:00
Tyler Bozak 0 0 0 0 2 5 0 0 0 0 1/2 7:44 0:00 0:00
Tyler Cuma 0 0 0 2 0 3 1 4 0 1 0/0 28:26 5:31 0:00
Viktor Arvidsson 2 1 3 1 0 5 2 1 0 1 2/3 25:47 4:35 0:00
3 Stars
1 - Artemi Panarin (NJD)
2 - Viktor Arvidsson (NJD)
3 - Gilbert Brule (NJD)
Power Play
Predators - 0 on 1 Attempt(s) - 0.00%
Devils - 2 on 6 Attempt(s) - 33.33%
Penalty Kill
Predators - 4 on 6 Attempt(s) - 66.67%
- Score 0 goal in Penalty Kill
Devils - 1 on 1 Attempt(s) - 100.00%
- Score 0 goal in Penalty Kill
Team Stat
Predators - Hits : 22 - Faceoff Wins : 25 - Blocked Shots : 6 - Penalty Minutes : 12
Devils - Hits : 28 - Faceoff Wins : 30 - Blocked Shots : 13 - Penalty Minutes : 2
Official
Referees : Unknown
Linesman : Unknown
Game Notes
Anders Lindback enters game at 15:12 of 1st period
Artemi Panarin has scored a Hat Trick!
Finance
Level 1 -- Attendance: 5308 (88.47%) -- Ticket Income $477,720
Level 2 -- Attendance: 5000 (100.00%) -- Ticket Income $275,000
Level 3 -- Attendance: 2000 (100.00%) -- Ticket Income $72,000
Level 4 -- Attendance: 3780 (94.50%) -- Ticket Income $94,500
Luxury Box -- Attendance: 1000 (100.00%) -- Ticket Income $155,000
Game was played at the The prudential Center.
Total Attendance: 17088 (94.93%)
Total Ticket Income: $1,074,220
Other Income: $161,133
Total Income: $1,235,353
Predators
5 vs 5 Forward
Center Left Wing Right Wing Time % Phy DF OF
1 Mikael Granlund Alexander Ovechkin Niclas Bergfors 40 0 1 3
2 Ryan Kesler James Van Riemsdyk Byron Bitz 30 1 1 3
3 Andy Miele Alexander Steen Brendan Gallagher 20 2 1 2
4 Scott Laughton Justin Abdelkader Adam Burish 10 1 2 2
5 vs 5 Defense
Defense Defense Time % Phy DF OF
1 Ryan Mcdonagh Alexander Edler 40 1 2 2
2 John Moore Ryan Murray 30 1 2 2
3 Michal Rozsival Dmitri Kalinin 20 1 3 1
4 Ryan Mcdonagh Alexander Edler 10 1 3 1
PowerPlay Forward
Center Left Wing Right Wing Time % Phy DF OF
1 Ryan Kesler Alexander Ovechkin Niclas Bergfors 60 1 1 3
2 Mikael Granlund James Van Riemsdyk Byron Bitz 40 1 1 3
PowerPlay Defense
Defense Defense Time % Phy DF OF
1 Ryan Mcdonagh Alexander Edler 51 1 2 2
2 Ryan Murray John Moore 49 1 2 2
Penalty Kill 4 Players Forward
Center Wing Time % Phy DF OF
1 Ryan Kesler Byron Bitz 60 1 3 1
2 Andy Miele Adam Burish 40 1 3 1
Penalty Kill 4 Players Defense
Defense Defense Time % Phy DF OF
1 Ryan Mcdonagh Alexander Edler 60 1 3 1
2 John Moore Michal Rozsival 40 1 3 1
Penalty Kill - 3 Players Forward
Forward Time % Phy DF OF
1 Byron Bitz 60 1 3 1
2 Adam Burish 40 1 3 1
Penalty Kill - 3 Players Defense
Defense Defense Time % Phy DF OF
1 Ryan Mcdonagh Alexander Edler 60 1 3 1
2 John Moore Michal Rozsival 40 1 3 1
4 vs 4 Forward
Center Wing Time % Phy DF OF
1 Mikael Granlund Alexander Ovechkin 60 1 2 2
2 Andy Miele Niclas Bergfors 40 1 2 2
4 vs 4 Defense
Defense Defense Time % Phy DF OF
1 Ryan Mcdonagh Alexander Edler 60 1 2 2
2 John Moore Michal Rozsival 40 1 2 2
Last Minutes Offensive
Center Left Wing Right Wing Defense Defense
Mikael Granlund Alexander Ovechkin Niclas Bergfors Ryan Mcdonagh Alexander Edler
Last Minutes Defensive
Center Left Wing Right Wing Defense Defense
Ryan Kesler Alexander Ovechkin Byron Bitz Ryan Mcdonagh Alexander Edler
Goaltenders
Starting : Viktor Fasth
Backup : Anders Lindback
Extra Forwards
Normal : Alexander Steen, Brendan Gallagher, Scott Laughton - PP : Alexander Steen, Brendan Gallagher - PK : Brendan Gallagher
Extra Defensemen
Normal : Michal Rozsival, Ryan Murray, John Moore - PP : Dmitri Kalinin - PK : John Moore, Dmitri Kalinin
Penalty Shots
Alexander Ovechkin, Niclas Bergfors, Ryan Kesler, Andy Miele, Justin Abdelkader
Scratches
Chad Johnson (Healthy)
Devils
5 vs 5 Forward
Center Left Wing Right Wing Time % Phy DF OF
1 Sidney Crosby Artemi Panarin Viktor Arvidsson 40 1 2 2
2 Gilbert Brule Jaden Schwartz Phil Kessel 30 1 2 2
3 Darroll Powe Kellan Lain Anthony Stewart 20 1 2 2
4 Tyler Bozak Brandon Bollig Alexander Perezhogin 10 1 2 2
5 vs 5 Defense
Defense Defense Time % Phy DF OF
1 Travis Hamonic Tyler Cuma 40 1 2 2
2 Dmitry Kulikov Tobias Enstrom 30 1 2 2
3 Sami Lepisto Ryan Whitney 20 1 2 2
4 Travis Hamonic Tobias Enstrom 10 1 2 2
PowerPlay Forward
Center Left Wing Right Wing Time % Phy DF OF
1 Gilbert Brule Artemi Panarin Viktor Arvidsson 60 0 2 3
2 Sidney Crosby Jaden Schwartz Phil Kessel 40 0 2 3
PowerPlay Defense
Defense Defense Time % Phy DF OF
1 Tyler Cuma Sami Lepisto 60 1 2 2
2 Travis Hamonic Tobias Enstrom 40 1 2 2
Penalty Kill 4 Players Forward
Center Wing Time % Phy DF OF
1 Gilbert Brule Kellan Lain 60 1 2 2
2 Darroll Powe Artemi Panarin 40 1 2 2
Penalty Kill 4 Players Defense
Defense Defense Time % Phy DF OF
1 Dmitry Kulikov Travis Hamonic 60 1 2 2
2 Tobias Enstrom Tyler Cuma 40 1 2 2
Penalty Kill - 3 Players Forward
Forward Time % Phy DF OF
1 Sidney Crosby 60 1 2 2
2 Darroll Powe 40 1 2 2
Penalty Kill - 3 Players Defense
Defense Defense Time % Phy DF OF
1 Ryan Whitney Travis Hamonic 60 1 2 2
2 Dmitry Kulikov Tobias Enstrom 40 1 2 2
4 vs 4 Forward
Center Wing Time % Phy DF OF
1 Gilbert Brule Phil Kessel 60 1 2 2
2 Sidney Crosby Artemi Panarin 40 1 2 2
4 vs 4 Defense
Defense Defense Time % Phy DF OF
1 Tobias Enstrom Travis Hamonic 60 1 2 2
2 Tyler Cuma Dmitry Kulikov 40 1 2 2
Last Minutes Offensive
Center Left Wing Right Wing Defense Defense
Sidney Crosby Artemi Panarin Phil Kessel Tyler Cuma Tobias Enstrom
Last Minutes Defensive
Center Left Wing Right Wing Defense Defense
Gilbert Brule Jaden Schwartz Kellan Lain Tobias Enstrom Travis Hamonic
Goaltenders
Starting : Malcolm Subban
Backup : Keith Kinkaid
Extra Forwards
Normal : Kellan Lain, Jaden Schwartz, Anthony Stewart - PP : Kellan Lain, Artemi Panarin - PK : Anthony Stewart
Extra Defensemen
Normal : Tobias Enstrom, Ryan Whitney, Tyler Cuma - PP : Tobias Enstrom - PK : Tobias Enstrom, Tyler Cuma
Penalty Shots
Sidney Crosby, Artemi Panarin, Viktor Arvidsson, Phil Kessel, Jaden Schwartz
Scratches
Tyler Weiman (Healthy)
% Time on Ice - Predators
Lines # - Real PCT - Wanted PCT - Time Play
Normal Forward
1 - 45% - 40% - 21:59
2 - 26% - 30% - 12:42
3 - 17% - 20% - 8:22
4 - 13% - 10% - 6:13
Normal Defense
1 - 35% - 40% - 17:18
2 - 31% - 30% - 15:02
3 - 33% - 20% - 16:02
4 - 2% - 10% - 0:54
PP Forward
1 - 0% - 60% - 0:00
2 - 100% - 40% - 1:06
PP Defense
1 - 50% - 51% - 0:33
2 - 50% - 49% - 0:33
PK Forward
1 - 67% - 60% - 6:26
2 - 33% - 40% - 3:12
PK Defense
1 - 60% - 60% - 5:49
2 - 40% - 40% - 3:49
PK3 Forward
1 - 0% - 60%
2 - 0% - 40%
PK3 Defense
1 - 0% - 60%
2 - 0% - 40%
44 Forward
1 - 0% - 60%
2 - 0% - 40%
44 Defense
1 - 0% - 60%
2 - 0% - 40%
Last Minute Offensive - 0:00
Last Minute Defensive - 0:00
Total
Forward - 60:00
Defense - 60:00
|
% Time on Ice - Devils
Lines # - Real PCT - Wanted PCT - Time Play
Normal Forward
1 - 43% - 40% - 21:12
2 - 24% - 30% - 11:51
3 - 17% - 20% - 8:28
4 - 16% - 10% - 7:45
Normal Defense
1 - 47% - 40% - 22:55
2 - 29% - 30% - 14:17
3 - 20% - 20% - 10:03
4 - 4% - 10% - 2:01
PP Forward
1 - 54% - 60% - 5:13
2 - 46% - 40% - 4:25
PP Defense
1 - 57% - 60% - 5:31
2 - 43% - 40% - 4:07
PK Forward
1 - 100% - 60% - 1:06
2 - 0% - 40% - 0:00
PK Defense
1 - 100% - 60% - 1:06
2 - 0% - 40% - 0:00
PK3 Forward
1 - 0% - 60%
2 - 0% - 40%
PK3 Defense
1 - 0% - 60%
2 - 0% - 40%
44 Forward
1 - 0% - 60%
2 - 0% - 40%
44 Defense
1 - 0% - 60%
2 - 0% - 40%
Last Minute Offensive - 0:00
Last Minute Defensive - 0:00
Total
Forward - 60:00
Defense - 60:00
|
Play-by-Play
1st period
0:01 of 1st period - Sidney Crosby wins face-off versus Mikael Granlund in neutral zone.
0:10 of 1st period - Snap shot by Sidney Crosby.
0:10 of 1st period - Stopped by Viktor Fasth with a rebound.
0:14 of 1st period - Wrist shot by Sidney Crosby.
0:14 of 1st period - Shot Misses the Net.
0:22 of 1st period - Minor Penalty to Niclas Bergfors for Unsportsmanlike conduct.
0:23 of 1st period - Ryan Kesler wins face-off versus Gilbert Brule in Predators zone.
0:56 of 1st period - Slapshot by Alexander Edler.
0:56 of 1st period - Deflect By Adam Burish.
0:56 of 1st period - Shot Blocked by Tyler Cuma.
0:56 of 1st period - Puck is out of play.
0:57 of 1st period - Viktor Arvidsson wins face-off versus Ryan Kesler in Devils zone.
0:57 of 1st period - Viktor Arvidsson is hit by John Moore.
1:00 of 1st period - Icing by Gilbert Brule.
1:01 of 1st period - Gilbert Brule wins face-off versus Ryan Kesler in Devils zone.
1:10 of 1st period - Slapshot by Gilbert Brule.
1:10 of 1st period - Deflect By Artemi Panarin.
1:10 of 1st period - Stopped by Viktor Fasth without a rebound.
1:11 of 1st period - Sidney Crosby wins face-off versus Ryan Kesler in Predators zone.
1:50 of 1st period - Wrist shot by Artemi Panarin.
1:50 of 1st period - Deflect By Viktor Arvidsson.
1:50 of 1st period - Goal by Viktor Arvidsson - Predators : 0 - Devils : 1.
1:51 of 1st period - Gilbert Brule wins face-off versus Ryan Kesler in neutral zone.
2:16 of 1st period - Mikael Granlund is hit by Viktor Arvidsson and loses puck.
4:03 of 1st period - Wrist shot by Scott Laughton.
4:03 of 1st period - Shot Blocked by Gilbert Brule.
4:05 of 1st period - Slapshot by Michal Rozsival.
4:05 of 1st period - Shot Blocked by Jaden Schwartz.
4:07 of 1st period - Slapshot by Michal Rozsival.
4:07 of 1st period - Shot Blocked by Ryan Whitney.
4:09 of 1st period - Slapshot by Dmitri Kalinin.
4:09 of 1st period - Shot Misses the Net.
4:11 of 1st period - Slapshot by Michal Rozsival.
4:11 of 1st period - Deflect By Justin Abdelkader.
4:11 of 1st period - Shot Misses the Net.
4:11 of 1st period - Puck is out of play.
4:12 of 1st period - Viktor Arvidsson wins face-off versus Mikael Granlund in Devils zone.
4:39 of 1st period - Ryan Kesler is hit by Tobias Enstrom and loses puck.
5:23 of 1st period - Slapshot by Byron Bitz.
5:23 of 1st period - Deflect By James Van Riemsdyk.
5:23 of 1st period - Shot Misses the Net.
5:23 of 1st period - Puck is out of play.
5:24 of 1st period - Ryan Kesler wins face-off versus Gilbert Brule in Devils zone.
5:49 of 1st period - Alexander Edler is hit by Artemi Panarin.
6:04 of 1st period - Sidney Crosby is hit by Michal Rozsival and loses puck.
6:15 of 1st period - Dmitri Kalinin is hit by Kellan Lain and loses puck.
6:22 of 1st period - Wrist shot by Kellan Lain.
6:22 of 1st period - Stopped by Viktor Fasth without a rebound.
6:23 of 1st period - Gilbert Brule wins face-off versus Ryan Kesler in Predators zone.
7:13 of 1st period - Wrist shot by Kellan Lain.
7:13 of 1st period - Stopped by Viktor Fasth with a rebound.
7:41 of 1st period - Slapshot by Tobias Enstrom.
7:41 of 1st period - Stopped by Viktor Fasth with a rebound.
8:47 of 1st period - Snap shot by Alexander Steen.
8:47 of 1st period - Shot Misses the Net.
8:53 of 1st period - Snap shot by Viktor Arvidsson.
8:53 of 1st period - Stopped by Viktor Fasth with a rebound.
8:55 of 1st period - Snap shot by Artemi Panarin.
8:55 of 1st period - Goal by Artemi Panarin - Predators : 0 - Devils : 2.
8:56 of 1st period - Mikael Granlund wins face-off versus Darroll Powe in neutral zone.
9:21 of 1st period - Phil Kessel is hit by James Van Riemsdyk and loses puck.
9:30 of 1st period - Snap shot by Byron Bitz.
9:30 of 1st period - Stopped by Malcolm Subban with a rebound.
9:32 of 1st period - Slapshot by John Moore.
9:32 of 1st period - Shot Misses the Net.
9:34 of 1st period - Snap shot by Ryan Kesler.
9:34 of 1st period - Stopped by Malcolm Subban without a rebound.
9:35 of 1st period - Mikael Granlund wins face-off versus Sidney Crosby in Devils zone.
10:46 of 1st period - Dmitry Kulikov is hit by Andy Miele and loses puck.
11:14 of 1st period - Dmitri Kalinin is hit by Sami Lepisto and loses puck.
11:58 of 1st period - Wrist shot by Alexander Steen.
11:58 of 1st period - Shot Misses the Net.
12:00 of 1st period - Snap shot by Ryan Mcdonagh.
12:00 of 1st period - Stopped by Malcolm Subban with a rebound.
12:22 of 1st period - Phil Kessel is hit by Mikael Granlund and loses puck.
13:03 of 1st period - Slapshot by Tyler Cuma.
13:03 of 1st period - Stopped by Viktor Fasth without a rebound.
13:04 of 1st period - Sidney Crosby wins face-off versus Andy Miele in Predators zone.
13:17 of 1st period - Snap shot by Viktor Arvidsson.
13:17 of 1st period - Deflect By Andy Miele.
13:17 of 1st period - Shot Hit the Post.
13:17 of 1st period - Puck is out of play.
13:18 of 1st period - Sidney Crosby wins face-off versus Mikael Granlund in Predators zone.
13:19 of 1st period - Snap shot by Artemi Panarin.
13:19 of 1st period - Goal by Artemi Panarin - Predators : 0 - Devils : 3.
13:20 of 1st period - Sidney Crosby wins face-off versus Mikael Granlund in neutral zone.
13:36 of 1st period - Wrist shot by Mikael Granlund.
13:36 of 1st period - Deflect By Sidney Crosby.
13:36 of 1st period - Shot Blocked by Sidney Crosby.
13:36 of 1st period - Puck is out of play.
13:37 of 1st period - Ryan Kesler wins face-off versus Gilbert Brule in Devils zone.
13:40 of 1st period - Snap shot by Ryan Kesler.
13:40 of 1st period - Shot Blocked by Tyler Cuma.
14:26 of 1st period - Snap shot by Byron Bitz.
14:26 of 1st period - Stopped by Malcolm Subban with a rebound.
14:28 of 1st period - Slapshot by Ryan Kesler.
14:28 of 1st period - Shot Blocked by Viktor Arvidsson.
14:30 of 1st period - Snap shot by Byron Bitz.
14:30 of 1st period - Stopped by Malcolm Subban with a rebound.
14:32 of 1st period - Backhand shot by James Van Riemsdyk.
14:32 of 1st period - Shot Misses the Net.
14:34 of 1st period - Slapshot by Ryan Murray.
14:34 of 1st period - Deflect By Sidney Crosby.
14:34 of 1st period - Stopped by Malcolm Subban without a rebound.
14:35 of 1st period - Mikael Granlund wins face-off versus Gilbert Brule in Devils zone.
15:04 of 1st period - Slapshot by Viktor Arvidsson.
15:04 of 1st period - Shot Blocked by Ryan Murray.
15:06 of 1st period - Snap shot by Artemi Panarin.
15:06 of 1st period - Stopped by Viktor Fasth without a rebound.
15:07 of 1st period - Sidney Crosby wins face-off versus Andy Miele in Predators zone.
15:12 of 1st period - Slapshot by Viktor Arvidsson.
15:12 of 1st period - Goal by Viktor Arvidsson - Predators : 0 - Devils : 4.
15:12 of 1st period - Anders Lindback enters game.
15:13 of 1st period - Mikael Granlund wins face-off versus Sidney Crosby in neutral zone.
15:54 of 1st period - Minor Penalty to Brendan Gallagher for Hooking.
15:55 of 1st period - Gilbert Brule wins face-off versus Ryan Kesler in Predators zone.
16:27 of 1st period - Alexander Edler is hit by Tyler Cuma and loses puck.
16:34 of 1st period - Sidney Crosby is hit by Ryan Kesler and loses puck.
17:54 of 1st period - Penalty to Brendan Gallagher is over, Brendan Gallagher is back on ice.
18:24 of 1st period - Dmitry Kulikov is hit by Ryan Murray and loses puck.
19:44 of 1st period - Snap shot by Alexander Edler.
19:44 of 1st period - Deflect By Niclas Bergfors.
19:44 of 1st period - Goal by Niclas Bergfors - Predators : 1 - Devils : 4.
19:45 of 1st period - Sidney Crosby wins face-off versus Mikael Granlund in neutral zone.
19:48 of 1st period - Alexander Ovechkin is hit by Sidney Crosby.
19:54 of 1st period - Snap shot by Alexander Ovechkin.
19:54 of 1st period - Shot Blocked by Travis Hamonic.
19:56 of 1st period - Snap shot by Alexander Ovechkin.
19:56 of 1st period - Goal by Alexander Ovechkin - Predators : 2 - Devils : 4.
19:57 of 1st period - Mikael Granlund wins face-off versus Sidney Crosby in neutral zone.
Goals for this period are 2 for Predators vs 4 for Devils.
Shots for this period are 8 for Predators vs 12 for Devils.
2nd period
0:01 of 2nd period - Sidney Crosby wins face-off versus Mikael Granlund in neutral zone.
0:12 of 2nd period - Artemi Panarin is hit by Mikael Granlund and loses puck.
1:32 of 2nd period - Snap shot by Phil Kessel.
1:32 of 2nd period - Stopped by Anders Lindback with a rebound.
1:34 of 2nd period - Slapshot by Gilbert Brule.
1:34 of 2nd period - Goal by Gilbert Brule - Predators : 2 - Devils : 5.
1:35 of 2nd period - Sidney Crosby wins face-off versus Mikael Granlund in neutral zone.
1:42 of 2nd period - Slapshot by Viktor Arvidsson.
1:42 of 2nd period - Deflect By Sidney Crosby.
1:42 of 2nd period - Stopped by Anders Lindback with a rebound.
1:44 of 2nd period - Slapshot by Tyler Cuma.
1:44 of 2nd period - Shot Blocked by Alexander Edler.
1:46 of 2nd period - Slapshot by Tyler Cuma.
1:46 of 2nd period - Shot Misses the Net.
1:48 of 2nd period - Snap shot by Artemi Panarin.
1:48 of 2nd period - Deflect By Viktor Arvidsson.
1:48 of 2nd period - Stopped by Anders Lindback without a rebound.
1:49 of 2nd period - Gilbert Brule wins face-off versus Mikael Granlund in Predators zone.
2:17 of 2nd period - Off-side.
2:18 of 2nd period - Ryan Kesler wins face-off versus Sidney Crosby in neutral zone.
3:19 of 2nd period - Ryan Murray is hit by Alexander Perezhogin and loses puck.
3:40 of 2nd period - Slapshot by Tobias Enstrom.
3:40 of 2nd period - Shot Misses the Net.
3:48 of 2nd period - Wrist shot by Tyler Bozak.
3:48 of 2nd period - Stopped by Anders Lindback without a rebound.
3:49 of 2nd period - Mikael Granlund wins face-off versus Sidney Crosby in Predators zone.
4:40 of 2nd period - Alexander Steen is hit by Ryan Whitney.
4:55 of 2nd period - Slapshot by Viktor Arvidsson.
4:55 of 2nd period - Shot Misses the Net.
5:26 of 2nd period - Snap shot by Mikael Granlund.
5:26 of 2nd period - Deflect By Tyler Cuma.
5:26 of 2nd period - Shot Misses the Net.
5:26 of 2nd period - Puck is out of play.
5:27 of 2nd period - Mikael Granlund wins face-off versus Darroll Powe in Devils zone.
5:36 of 2nd period - Snap shot by Alexander Ovechkin.
5:36 of 2nd period - Stopped by Malcolm Subban without a rebound.
5:37 of 2nd period - Sidney Crosby wins face-off versus Alexander Ovechkin in Devils zone.
6:01 of 2nd period - Tyler Cuma is hit by Alexander Ovechkin and loses puck.
6:28 of 2nd period - Slapshot by Travis Hamonic.
6:28 of 2nd period - Shot Blocked by John Moore.
7:50 of 2nd period - John Moore is hit by Sidney Crosby and loses puck.
7:54 of 2nd period - Icing by John Moore.
7:55 of 2nd period - Mikael Granlund wins face-off versus Gilbert Brule in Predators zone.
8:56 of 2nd period - Tobias Enstrom is hit by Mikael Granlund and loses puck.
9:01 of 2nd period - Wrist shot by Niclas Bergfors.
9:01 of 2nd period - Stopped by Malcolm Subban without a rebound.
9:02 of 2nd period - Ryan Kesler wins face-off versus Darroll Powe in Devils zone.
9:06 of 2nd period - Minor Penalty to James Van Riemsdyk for Hooking.
9:07 of 2nd period - Ryan Kesler wins face-off versus Kellan Lain in Predators zone.
9:58 of 2nd period - Gilbert Brule is hit by Byron Bitz and loses puck.
10:09 of 2nd period - Wrist shot by Andy Miele.
10:09 of 2nd period - Stopped by Malcolm Subban without a rebound.
10:10 of 2nd period - Sidney Crosby wins face-off versus Andy Miele in Devils zone.
11:06 of 2nd period - Penalty to James Van Riemsdyk is over, James Van Riemsdyk is back on ice.
11:13 of 2nd period - Wrist shot by Viktor Arvidsson.
11:13 of 2nd period - Shot Blocked by Dmitri Kalinin.
11:27 of 2nd period - Slapshot by James Van Riemsdyk.
11:27 of 2nd period - Stopped by Malcolm Subban with a rebound.
11:29 of 2nd period - Snap shot by Andy Miele.
11:29 of 2nd period - Shot Blocked by Anthony Stewart.
11:31 of 2nd period - Slapshot by Dmitri Kalinin.
11:31 of 2nd period - Stopped by Malcolm Subban with a rebound.
11:33 of 2nd period - Slapshot by Dmitri Kalinin.
11:33 of 2nd period - Stopped by Malcolm Subban with a rebound.
11:35 of 2nd period - Slapshot by Michal Rozsival.
11:35 of 2nd period - Shot Blocked by Tyler Cuma.
11:37 of 2nd period - Snap shot by Andy Miele.
11:37 of 2nd period - Stopped by Malcolm Subban without a rebound.
11:38 of 2nd period - Tyler Bozak wins face-off versus Andy Miele in Devils zone.
11:45 of 2nd period - Tobias Enstrom is hit by Alexander Edler.
12:10 of 2nd period - Tobias Enstrom is hit by Adam Burish and loses puck.
12:21 of 2nd period - John Moore is hit by Phil Kessel and loses puck.
13:12 of 2nd period - Backhand shot by Tobias Enstrom.
13:12 of 2nd period - Deflect By Ryan Mcdonagh.
13:12 of 2nd period - Stopped by Anders Lindback with a rebound.
13:48 of 2nd period - Tyler Cuma is hit by Brendan Gallagher and loses puck.
14:15 of 2nd period - John Moore is hit by Dmitry Kulikov and loses puck.
14:39 of 2nd period - Ryan Kesler is hit by Ryan Whitney and loses puck.
15:24 of 2nd period - Phil Kessel is hit by Alexander Steen and loses puck.
16:17 of 2nd period - Snap shot by Tyler Bozak.
16:17 of 2nd period - Stopped by Anders Lindback without a rebound.
16:18 of 2nd period - Gilbert Brule wins face-off versus Mikael Granlund in Predators zone.
16:28 of 2nd period - Off-side.
16:29 of 2nd period - Sidney Crosby wins face-off versus Mikael Granlund in neutral zone.
16:32 of 2nd period - Ryan Mcdonagh is hit by Viktor Arvidsson and loses puck.
16:41 of 2nd period - Snap shot by Alexander Ovechkin.
16:41 of 2nd period - Shot Misses the Net.
16:43 of 2nd period - Slapshot by Niclas Bergfors.
16:43 of 2nd period - Stopped by Malcolm Subban with a rebound.
16:55 of 2nd period - James Van Riemsdyk is hit by Jaden Schwartz and loses puck.
17:04 of 2nd period - Snap shot by Jaden Schwartz.
17:04 of 2nd period - Shot Misses the Net.
17:18 of 2nd period - Snap shot by Brendan Gallagher.
17:18 of 2nd period - Shot Misses the Net.
17:42 of 2nd period - Snap shot by Tyler Bozak.
17:42 of 2nd period - Stopped by Anders Lindback with a rebound.
17:44 of 2nd period - Slapshot by Dmitry Kulikov.
17:44 of 2nd period - Shot Misses the Net.
17:46 of 2nd period - Snap shot by Brandon Bollig.
17:46 of 2nd period - Stopped by Anders Lindback without a rebound.
17:47 of 2nd period - Sidney Crosby wins face-off versus Mikael Granlund in Predators zone.
17:50 of 2nd period - Slapshot by Artemi Panarin.
17:50 of 2nd period - Shot Blocked by Dmitri Kalinin.
18:14 of 2nd period - James Van Riemsdyk is hit by Jaden Schwartz.
18:22 of 2nd period - Backhand shot by Phil Kessel.
18:22 of 2nd period - Shot Misses the Net.
18:24 of 2nd period - Double Minor Penalty to James Van Riemsdyk for Roughing.
18:25 of 2nd period - Ryan Kesler wins face-off versus Gilbert Brule in Predators zone.
18:34 of 2nd period - Byron Bitz is hit by Sami Lepisto and loses puck.
19:26 of 2nd period - Icing by Tobias Enstrom.
19:27 of 2nd period - Andy Miele wins face-off versus Gilbert Brule in Devils zone.
Goals for this period are 0 for Predators vs 1 for Devils.
Shots for this period are 8 for Predators vs 9 for Devils.
3rd period
0:01 of 3rd period - Ryan Kesler wins face-off versus Gilbert Brule in neutral zone.
0:31 of 3rd period - Icing by Sidney Crosby.
0:32 of 3rd period - Andy Miele wins face-off versus Sidney Crosby in Devils zone.
0:43 of 3rd period - Backhand shot by Andy Miele.
0:43 of 3rd period - Stopped by Malcolm Subban without a rebound.
0:44 of 3rd period - Gilbert Brule wins face-off versus Ryan Kesler in Devils zone.
1:15 of 3rd period - Wrist shot by Jaden Schwartz.
1:15 of 3rd period - Shot Misses the Net.
1:25 of 3rd period - Slapshot by Alexander Edler.
1:25 of 3rd period - Shot Misses the Net.
1:37 of 3rd period - Michal Rozsival is hit by Tobias Enstrom and loses puck.
2:12 of 3rd period - Adam Burish is hit by Artemi Panarin and loses puck.
2:24 of 3rd period - Penalty to James Van Riemsdyk is over, James Van Riemsdyk is back on ice.
3:00 of 3rd period - Slapshot by Brandon Bollig.
3:00 of 3rd period - Shot Hit the Post.
3:02 of 3rd period - Slapshot by Travis Hamonic.
3:02 of 3rd period - Shot Misses the Net.
3:04 of 3rd period - Wrist shot by Tyler Bozak.
3:04 of 3rd period - Stopped by Anders Lindback with a rebound.
3:06 of 3rd period - Snap shot by Tyler Bozak.
3:06 of 3rd period - Shot Misses the Net.
4:03 of 3rd period - Wrist shot by Tyler Bozak.
4:03 of 3rd period - Stopped by Anders Lindback without a rebound.
4:04 of 3rd period - Andy Miele wins face-off versus Tyler Bozak in Predators zone.
4:11 of 3rd period - Tobias Enstrom is hit by Andy Miele and loses puck.
4:18 of 3rd period - Sami Lepisto is hit by Brendan Gallagher and loses puck.
4:29 of 3rd period - Slapshot by Ryan Whitney.
4:29 of 3rd period - Stopped by Anders Lindback with a rebound.
5:21 of 3rd period - Slapshot by Adam Burish.
5:21 of 3rd period - Stopped by Malcolm Subban with a rebound.
5:35 of 3rd period - Wrist shot by Mikael Granlund.
5:35 of 3rd period - Goal by Mikael Granlund - Predators : 3 - Devils : 5.
5:36 of 3rd period - Artemi Panarin wins face-off versus Mikael Granlund in neutral zone.
5:45 of 3rd period - Slapshot by Sidney Crosby.
5:45 of 3rd period - Shot Blocked by Alexander Edler.
5:47 of 3rd period - Slapshot by Travis Hamonic.
5:47 of 3rd period - Stopped by Anders Lindback with a rebound.
5:49 of 3rd period - Slapshot by Travis Hamonic.
5:49 of 3rd period - Shot Misses the Net.
5:51 of 3rd period - Slapshot by Tyler Cuma.
5:51 of 3rd period - Stopped by Anders Lindback without a rebound.
5:52 of 3rd period - Byron Bitz wins face-off versus Gilbert Brule in Predators zone.
5:59 of 3rd period - Snap shot by Ryan Kesler.
5:59 of 3rd period - Stopped by Malcolm Subban without a rebound.
6:00 of 3rd period - Phil Kessel wins face-off versus Ryan Kesler in Devils zone.
6:08 of 3rd period - Slapshot by Phil Kessel.
6:08 of 3rd period - Stopped by Anders Lindback with a rebound.
6:10 of 3rd period - Snap shot by Jaden Schwartz.
6:10 of 3rd period - Shot Misses the Net.
6:54 of 3rd period - Snap shot by Gilbert Brule.
6:54 of 3rd period - Stopped by Anders Lindback with a rebound.
6:56 of 3rd period - Snap shot by Phil Kessel.
6:56 of 3rd period - Stopped by Anders Lindback with a rebound.
6:58 of 3rd period - Slapshot by Tyler Cuma.
6:58 of 3rd period - Stopped by Anders Lindback without a rebound.
6:59 of 3rd period - Sidney Crosby wins face-off versus Mikael Granlund in Predators zone.
7:48 of 3rd period - Wrist shot by Brandon Bollig.
7:48 of 3rd period - Stopped by Anders Lindback with a rebound.
7:50 of 3rd period - Snap shot by Tyler Bozak.
7:50 of 3rd period - Shot Misses the Net.
7:52 of 3rd period - Snap shot by Tyler Bozak.
7:52 of 3rd period - Shot Misses the Net.
8:14 of 3rd period - John Moore is hit by Kellan Lain and loses puck.
8:36 of 3rd period - Icing by Tobias Enstrom.
8:37 of 3rd period - Darroll Powe wins face-off versus Scott Laughton in Devils zone.
9:02 of 3rd period - Snap shot by Viktor Arvidsson.
9:02 of 3rd period - Stopped by Anders Lindback with a rebound.
9:10 of 3rd period - Wrist shot by Jaden Schwartz.
9:10 of 3rd period - Shot Misses the Net.
9:12 of 3rd period - Slapshot by Tobias Enstrom.
9:12 of 3rd period - Shot Misses the Net.
9:14 of 3rd period - Wrist shot by Gilbert Brule.
9:14 of 3rd period - Stopped by Anders Lindback without a rebound.
9:15 of 3rd period - Darroll Powe wins face-off versus Byron Bitz in Predators zone.
9:15 of 3rd period - Tyler Cuma is hit by Ryan Mcdonagh and loses puck.
9:25 of 3rd period - Minor Penalty to Byron Bitz for Tripping.
9:26 of 3rd period - Ryan Kesler wins face-off versus Gilbert Brule in Predators zone.
9:38 of 3rd period - Snap shot by Artemi Panarin.
9:38 of 3rd period - Goal by Artemi Panarin - Predators : 3 - Devils : 6.
9:39 of 3rd period - Mikael Granlund wins face-off versus Sidney Crosby in neutral zone.
9:48 of 3rd period - Snap shot by Mikael Granlund.
9:48 of 3rd period - Shot Blocked by Travis Hamonic.
9:50 of 3rd period - Snap shot by Alexander Ovechkin.
9:50 of 3rd period - Stopped by Malcolm Subban with a rebound.
9:52 of 3rd period - Wrist shot by Alexander Ovechkin.
9:52 of 3rd period - Shot Misses the Net.
9:54 of 3rd period - Wrist shot by Niclas Bergfors.
9:54 of 3rd period - Stopped by Malcolm Subban with a rebound.
9:56 of 3rd period - Slapshot by Mikael Granlund.
9:56 of 3rd period - Shot Misses the Net.
10:06 of 3rd period - Ryan Kesler is hit by Phil Kessel and loses puck.
10:57 of 3rd period - Alexander Edler is hit by Sami Lepisto and loses puck.
11:07 of 3rd period - Icing by Alexander Edler.
11:08 of 3rd period - Mikael Granlund wins face-off versus Viktor Arvidsson in Predators zone.
11:15 of 3rd period - Wrist shot by Niclas Bergfors.
11:15 of 3rd period - Stopped by Malcolm Subban without a rebound.
11:16 of 3rd period - Mikael Granlund wins face-off versus Sidney Crosby in Devils zone.
11:19 of 3rd period - Snap shot by Alexander Ovechkin.
11:19 of 3rd period - Shot Blocked by Travis Hamonic.
11:22 of 3rd period - Icing by Tyler Cuma.
11:23 of 3rd period - Mikael Granlund wins face-off versus Sidney Crosby in Devils zone.
12:51 of 3rd period - Snap shot by Alexander Ovechkin.
12:51 of 3rd period - Shot Blocked by Tyler Cuma.
13:01 of 3rd period - Travis Hamonic is hit by Alexander Ovechkin.
13:49 of 3rd period - Niclas Bergfors is hit by Artemi Panarin and loses puck.
16:47 of 3rd period - Viktor Arvidsson is hit by Niclas Bergfors and loses puck.
16:58 of 3rd period - Alexander Ovechkin is hit by Travis Hamonic and loses puck.
17:11 of 3rd period - Michal Rozsival is hit by Travis Hamonic and loses puck.
17:33 of 3rd period - Icing by Tyler Cuma.
17:34 of 3rd period - Sidney Crosby wins face-off versus Ryan Kesler in Devils zone.
17:34 of 3rd period - Sidney Crosby is hit by James Van Riemsdyk.
17:40 of 3rd period - Alexander Edler is hit by Sidney Crosby and loses puck.
18:25 of 3rd period - Alexander Edler is hit by Kellan Lain.
18:53 of 3rd period - Minor Penalty to Tyler Bozak for Hooking.
18:54 of 3rd period - Gilbert Brule wins face-off versus Alexander Steen in Devils zone.
19:22 of 3rd period - Tobias Enstrom is hit by Byron Bitz and loses puck.
19:33 of 3rd period - Byron Bitz is hit by Dmitry Kulikov and loses puck.
Goals for this period are 1 for Predators vs 1 for Devils.
Shots for this period are 7 for Predators vs 13 for Devils.
Back to the Top